 Dungeon Crawl Stone Soup version 0.29-a0-982-gaed3a0c8d8 (webtiles) character file.

Game seed: 4920810672069606257

28 flotson the Sneak (level 2, 0/24 HPs)
             Began as a Demonspawn Delver on Aug 1, 2022.
             Slain by a scorpion (4 damage)
             ... in an ossuary.
             The game lasted 00:01:23 (310 turns).

flotson the Sneak (Demonspawn Delver)                Turns: 310, Time: 00:01:23

Health: 0/24       AC:  3    Str: 12    XL:     2   Next: 96%
Magic:  2/2        EV: 12    Int: 11    God:
Gold:   14         SH:  0    Dex: 14    Spells: 1/1 levels left

rFire   . . .      SeeInvis .   a - +0 spear
rCold   . . .      Faith    .   (no shield)
rNeg    . . .      Spirit   .   b - +0 leather armour
rPois   .          Reflect  .   (no helmet)
rElec   .          Harm     .   (no cloak)
rCorr   .          Rampage  .   (no gloves)
Will    .....                   (no boots)
Stlth   ++........              (no amulet)
HPRegen 0.08/turn               (no ring)
MPRegen 0.08/turn               (no ring)

@: lethally poisoned (0 -> -14)
A: ignite blood 1
a: no special abilities


You were in an ossuary.
You visited 1 branch of the dungeon, and saw 2 of its levels.
You also visited: Ossuary.

You collected 14 gold pieces.

Inventory:

Hand Weapons
 a - a +0 spear (weapon)
 i - a +1 antimagic short sword
Armour
 b - a +0 leather armour (worn)
Wands
 g - a wand of digging (3)
Scrolls
 c - a scroll of fog
 e - a scroll of fear
 h - a scroll of enchant armour {unknown}
Potions
 d - a potion of resistance {unknown}


   Skills:
 + Level 3.3 Fighting
 - Level 1.7 Polearms
 + Level 1.0 Armour
 + Level 2.1 Dodging
 - Level 4.5 Stealth
 + Level 1.1 Evocations


You had one spell level left.
You didn't know any spells.
Your spell library was empty.

Dungeon Overview and Level Annotations

Branches:
Dungeon (5/15)             Temple (0/1) D:4         Ossuary (1/1)

Altars:


Innate Abilities, Weirdness & Mutations

Your demonic aura sometimes causes spilled blood to erupt in flames.


Message History

You hit the scorpion.
The scorpion is heavily wounded.
The scorpion stings you but does no damage.
You barely miss the scorpion.
The scorpion is heavily wounded.
The scorpion misses you.
You barely miss the scorpion.
The scorpion is heavily wounded.
The scorpion barely misses you. x2
You barely miss the scorpion.
The scorpion is heavily wounded.
The scorpion stings you.
You hit the scorpion but do no damage.
The scorpion is heavily wounded.
The scorpion barely misses you.
You hit the scorpion but do no damage.
The scorpion is heavily wounded.
The scorpion closely misses you.
You hit the scorpion.
The scorpion is heavily wounded.
The scorpion stings you.
You hit the scorpion.
The scorpion is severely wounded.
The scorpion stings you. x2
You are poisoned.
The scorpion poisons you!
You hit the scorpion.
The scorpion is almost dead.
You feel sick. The scorpion closely misses you.
You completely miss the scorpion.
The scorpion is almost dead.
You feel sick. The scorpion stings you.
You are lethally poisoned!
The scorpion poisons you!
You barely miss the scorpion.
The scorpion is almost dead.
* * * LOW HITPOINT WARNING * * *
You feel very sick. The scorpion stings you.
You die...

##### ####
#...# Z#...
#.∩.# .8.s.
#...# ......
##@###8...8#
#..s#.......
#.∩.'...8...
#...#...#...
#########


You could see a scorpion.

Vanquished Creatures
  A hound (D:4)
1 creature vanquished.

Notes
Turn   | Place    | Note
-------+----------+-------------------------------------------
     0 | D:5      | flotson the Demonspawn Delver began the quest for the Orb.
     0 | D:5      | Reached XP level 1. HP: 18/18 MP: 1/1
    23 | D:5      | Noticed a scorpion
    36 | D:4      | Noticed an iguana
    64 | D:4      | Noticed a hound
    76 | D:4      | Killed a hound
    77 | D:4      | Reached skill level 1 in Armour
    77 | D:4      | Reached skill level 1 in Evocations
    77 | D:4      | Gained mutation: Your demonic aura sometimes causes spilled
                  | blood to erupt in flames. [demonic ancestry]
    77 | D:4      | Reached XP level 2. HP: 20/24 MP: 2/2
    80 | D:4      | Found a sand-covered staircase.
   113 | Ossuary  | Entered an ossuary
   286 | Ossuary  | Noticed a scorpion
   310 | Ossuary  | Slain by a scorpion

Illustrated notes

Levels and vault maps discovered:
D:4:      layout_basic, grunt_temple_overflow_holy_war,
          mainiacjoe_overflow_chevrons, temple_hall, gup_ossuary_entry_pyramid,
          uniq_blork_the_orc, uniq_eustachio
D:5:      layout_loops_ring, kennysheep_mini_moat, marbit_many_paths,
          jmf_multi_god_temple
Ossuary:  ossuary_minmay_scorpions

Skill      XL: |  1 |
---------------+----+-----
Armour         | 1 |  1.0
Dodging        | 2 |  2.1
Evocations     | 1 |  1.1
Fighting       | |  3.3
Polearms       | |  1.7
Stealth        | |  4.5

Action                   || total
-------------------------++-------
Melee: Spear             ||    32
  Use: Scroll            ||     1
       Potion            ||     1
 Stab: Sleeping          ||     1
Armor: Leather armour    ||     3
Dodge: Dodged            ||    15

Table legend: (Time is in decaauts)
 A = Elapsed time spent in this place.
 B = Non-inter-level travel time spent in this place.
 C = Inter-level travel time spent in this place.
 D = Time resting spent in this place.
 E = Time spent auto-exploring this place.
 F = Levels seen in this place.
 G = Mean time per level.
                   A        B        C        D        E       F      G
               +--------+--------+--------+--------+--------+-----+--------+
         Total |    296 |    296 |      0 |    166 |     19 |   3 |   98.7 |
       Dungeon |     99 |     99 |      0 |      0 |     17 |   2 |   49.5 |
       Ossuary |    197 |    197 |      0 |    166 |      2 |   1 |  197.0 |
               +--------+--------+--------+--------+--------+-----+--------+

Top non-repeatable levels by time:
 Ossuary: 197 daAuts
     D:4: 68 daAuts
     D:5: 31 daAuts
